NCAA
KANSAS STATE WILDCATS @ NORTH CAROLINA STATE WOLFPACK
04/21/2024
 
TOP OF THE 1ST
Kansas State Wildcats batting - Pitching for North Carolina State Wolfpack : RHP Derek Sanders
Pitching: RHP Derek Sanders
Batting: RHB Bill Jordan 0-0: Ball
1-0: Called Strike
1-1: Ball
2-1: Swinging Strike
2-2: Foul Ball, location: 2F
2-2: Foul Ball, location: 2F
2-2: Foul Ball, location: 2F
2-2: Ball
3-2: Strikes out swinging
Batting: LHB Juan Cuervo 0-0: Ball
1-0: Foul Ball, location: 2F
1-1: SINGLE (Groundball, 34D)
Batting: LHB Tony Smith 0-0: Swinging Strike
0-1: Ball
1-1: Foul Ball, location: 2F
1-2: Ball
2-2: Ball
3-2: Base on Balls
Juan Cuervo to second
Batting: LHB Kyle Harrison 0-0: Called Strike
0-1: Ground out 5-3 (Groundball, 5S)
Juan Cuervo to third
Tony Smith to second
Batting: RHB David Hernández 0-0: Ball
1-0: Foul Ball, location: 2F
1-1: Ball
2-1: DOUBLE (Flyball, 89D)
Juan Cuervo scores
Tony Smith scores
Batting: LHB José Rodríguez 0-0: Ball
1-0: Ball
2-0: Foul Ball, location: 2F
2-1: Foul Ball, location: 2F
2-2: Foul Ball, location: 2F
2-2: Ground out 4-3 (Groundball, 4)
Top of the 1st over - 2 run(s), 2 hit(s), 0 error(s), 1 left on base; Kansas State 2 - North Carolina State 0
BOTTOM OF THE 1ST
North Carolina State Wolfpack batting - Pitching for Kansas State Wildcats : RHP Gil Paling
Pitching: RHP Gil Paling
Batting: RHB Rafael Rosário 0-0: Swinging Strike
0-1: SINGLE (Groundball, 34D)
Batting: RHB Richard Heath 0-0: Called Strike
Rafael Rosário steals 2nd base
0-1: Ball
1-1: Swinging Strike
1-2: Hit by Pitch
Batting: RHB Javier Morales 0-0: Ball
1-0: Foul Ball, location: 2F
1-1: Ball
2-1: Called Strike
2-2: Fly out, F7 (Flyball, 7S)
Batting: LHB Danny Bane 0-0: Ball
1-0: Foul Ball, location: 2F
1-1: Foul Ball, location: 2F
1-2: 3-RUN HOME RUN (Flyball, 7D), Distance : 369 ft
Batting: RHB Donald Hoover 0-0: Ball
1-0: Ball
2-0: Ball
3-0: Called Strike
3-1: Foul Ball, location: 2F
3-2: Base on Balls
Batting: LHB Frank Jackson 0-0: Ball
1-0: Called Strike
1-1: Swinging Strike
1-2: Ball
2-2: Foul Ball, location: 2F
2-2: Strikes out swinging
Batting: RHB Dennis Mays 0-0: Ball
1-0: Fly out, F9 (Flyball, 9LM)
Bottom of the 1st over - 3 run(s), 2 hit(s), 0 error(s), 1 left on base; Kansas State 2 - North Carolina State 3
TOP OF THE 2ND
Kansas State Wildcats batting - Pitching for North Carolina State Wolfpack : RHP Derek Sanders
Batting: RHB Joe Saunders 0-0: Ball
1-0: Called Strike
1-1: Ball
2-1: Ball
3-1: Base on Balls
Batting: RHB John Wilson 0-0: Called Strike
0-1: Called Strike
0-2: Ball
1-2: Ball
2-2: Ball
3-2: Base on Balls
Joe Saunders to second
Batting: RHB Steve Ashe 0-0: Swinging Strike
0-1: Swinging Strike
0-2: Ball
1-2: Strikes out looking
Batting: RHB Bill Jordan 0-0: Ball
1-0: Ball
2-0: SINGLE (Line Drive, 78S)
Joe Saunders to third
John Wilson to second
Batting: LHB Juan Cuervo 0-0: Foul Ball, location: 2F
0-1: Called Strike
0-2: Fly out, F8 (Line Drive, 8RM)
Batting: LHB Tony Smith 0-0: Foul Ball, location: 2F
0-1: Foul Ball, location: 2F
0-2: Hit by Pitch
Joe Saunders scores
John Wilson to third
Bill Jordan to second
Batting: LHB Kyle Harrison 0-0: Swinging Strike
0-1: Foul Ball, location: 2F
0-2: Foul Ball, location: 2F
0-2: Ball
1-2: Ball
2-2: Ball
3-2: Fly out, F7 (Flyball, 7M)
Top of the 2nd over - 1 run(s), 1 hit(s), 0 error(s), 3 left on base; Kansas State 3 - North Carolina State 3
BOTTOM OF THE 2ND
North Carolina State Wolfpack batting - Pitching for Kansas State Wildcats : RHP Gil Paling
Batting: RHB David Vélez 0-0: Ball
1-0: SINGLE (Groundball, 6D)
Batting: RHB Scott Lee 0-0: Called Strike
0-1: Called Strike
0-2: Ball
1-2: Ball
2-2: Foul Ball, location: 2F
2-2: Strikes out swinging
Batting: RHB Rafael Rosário 0-0: Called Strike
0-1: Ball
1-1: Ball
2-1: Ball
3-1: SINGLE (Line Drive, 89M)
David Vélez to second
Batting: RHB Richard Heath 0-0: Called Strike
0-1: Ball
1-1: DOUBLE (Line Drive, 9LM)
David Vélez scores
Rafael Rosário to third
Batting: RHB Javier Morales 0-0: Foul Ball, location: 2F
0-1: SINGLE (Line Drive, 8RS)
Rafael Rosário scores
Richard Heath to third
Batting: LHB Danny Bane 0-0: Ball
Javier Morales is caught stealing 2nd base
1-0: Called Strike
1-1: Ball
2-1: Foul Ball, location: 2F
2-2: Strikes out looking
Bottom of the 2nd over - 2 run(s), 4 hit(s), 0 error(s), 1 left on base; Kansas State 3 - North Carolina State 5
TOP OF THE 3RD
Kansas State Wildcats batting - Pitching for North Carolina State Wolfpack : RHP Derek Sanders
Batting: RHB David Hernández 0-0: Ball
1-0: Called Strike
1-1: Ball
2-1: Called Strike
2-2: Foul Ball, location: 2F
2-2: Ball
3-2: Base on Balls
Batting: LHB José Rodríguez 0-0: Called Strike
0-1: Foul Ball, location: 2F
0-2: Ball
1-2: Foul Ball, location: 2F
1-2: Ball
2-2: Strikes out swinging
Batting: RHB Joe Saunders 0-0: Ball
1-0: Foul Ball, location: 2F
1-1: Ball
2-1: Called Strike
2-2: Strikes out swinging
Batting: RHB John Wilson 0-0: Called Strike
0-1: Ball
1-1: Ball
2-1: Foul Ball, location: 2F
2-2: Strikes out looking
Top of the 3rd over - 0 run(s), 0 hit(s), 0 error(s), 1 left on base; Kansas State 3 - North Carolina State 5
BOTTOM OF THE 3RD
North Carolina State Wolfpack batting - Pitching for Kansas State Wildcats : RHP Gil Paling
Batting: RHB Donald Hoover 0-0: Ball
1-0: Called Strike
1-1: SOLO HOME RUN (Line Drive, 7LD), Distance : 337 ft
Batting: LHB Frank Jackson 0-0: Called Strike
0-1: Ball
1-1: Foul Ball, location: 2F
1-2: Strikes out swinging
Batting: RHB Dennis Mays 0-0: Ball
1-0: Ball
2-0: DOUBLE (Line Drive, 7LM)
Batting: RHB David Vélez 0-0: Ground out 5-3 (Groundball, 5)
Batting: RHB Scott Lee 0-0: Called Strike
0-1: Called Strike
0-2: Ball
1-2: Ball
2-2: Fly out, F9 (Line Drive, 9M)
Bottom of the 3rd over - 1 run(s), 2 hit(s), 0 error(s), 1 left on base; Kansas State 3 - North Carolina State 6
TOP OF THE 4TH
Kansas State Wildcats batting - Pitching for North Carolina State Wolfpack : RHP Derek Sanders
Pitching: LHP Mark Brown
Batting: RHB Steve Ashe 0-0: Called Strike
0-1: Swinging Strike
0-2: Ground out 6-3 (Groundball, 6)
Batting: RHB Bill Jordan 0-0: Foul Ball, location: 2F
0-1: Ball
1-1: Swinging Strike
1-2: Hit by Pitch
Batting: LHB Juan Cuervo 0-0: Foul Ball, location: 2F
0-1: Called Strike
0-2: Strikes out swinging
Batting: LHB Tony Smith 0-0: Ball
1-0: Called Strike
1-1: Ball
2-1: Foul Ball, location: 2F
2-2: Strikes out swinging
Top of the 4th over - 0 run(s), 0 hit(s), 0 error(s), 1 left on base; Kansas State 3 - North Carolina State 6
BOTTOM OF THE 4TH
North Carolina State Wolfpack batting - Pitching for Kansas State Wildcats : RHP Gil Paling
Batting: RHB Rafael Rosário 0-0: Ball
1-0: Foul Ball, location: 2F
1-1: Ball
2-1: Ball
3-1: Fly out, F9 (Line Drive, 89M)
Batting: RHB Richard Heath 0-0: Called Strike
0-1: Ball
1-1: Foul Ball, location: 2F
1-2: Strikes out swinging
Batting: RHB Javier Morales 0-0: Called Strike
0-1: Ball
1-1: Ball
2-1: Swinging Strike
2-2: Ball
3-2: Strikes out swinging
Bottom of the 4th over - 0 run(s), 0 hit(s), 0 error(s), 0 left on base; Kansas State 3 - North Carolina State 6
TOP OF THE 5TH
Kansas State Wildcats batting - Pitching for North Carolina State Wolfpack : LHP Mark Brown
Batting: LHB Kyle Harrison 0-0: Ball
1-0: Foul Ball, location: 2F
1-1: Ground out 6-3 (Groundball, 6)
Batting: RHB David Hernández 0-0: Ball
1-0: Ground out U3 (Groundball, 3S)
Batting: LHB José Rodríguez 0-0: Called Strike
0-1: SINGLE (Groundball, 4MD)
Batting: RHB Joe Saunders 0-0: Called Strike
0-1: Ball
1-1: SINGLE (Line Drive, 78S)
José Rodríguez to second
Batting: RHB John Wilson 0-0: Called Strike
0-1: Ball
1-1: Fielders Choice at 2nd, U6 (Groundball, 6M)
Top of the 5th over - 0 run(s), 2 hit(s), 0 error(s), 2 left on base; Kansas State 3 - North Carolina State 6
BOTTOM OF THE 5TH
North Carolina State Wolfpack batting - Pitching for Kansas State Wildcats : RHP Gil Paling
Pitching: LHP José Rivera
Batting: LHB Danny Bane 0-0: Ball
1-0: Swinging Strike
1-1: Foul Ball, location: 2F
1-2: Ball
2-2: Ball
3-2: Strikes out looking
Batting: RHB Donald Hoover 0-0: Ground out 6-3 (Groundball, 6)
Batting: LHB Frank Jackson 0-0: Swinging Strike
0-1: Ball
1-1: Fly out, F8 (Flyball, 8LM)
Bottom of the 5th over - 0 run(s), 0 hit(s), 0 error(s), 0 left on base; Kansas State 3 - North Carolina State 6
TOP OF THE 6TH
Kansas State Wildcats batting - Pitching for North Carolina State Wolfpack : LHP Mark Brown
Batting: RHB Steve Ashe 0-0: Ball
1-0: Ball
2-0: Ground out 6-3 (Groundball, 6)
Batting: RHB Bill Jordan 0-0: Ball
1-0: Ball
2-0: Ball
3-0: Base on Balls
Pitching: RHP Jack Ellison
Batting: LHB Juan Cuervo 0-0: Ball
1-0: Called Strike
1-1: Ball
2-1: Called Strike
2-2: Strikes out swinging
Batting: LHB Tony Smith 0-0: Ground out 1-3 (Groundball, 15)
Top of the 6th over - 0 run(s), 0 hit(s), 0 error(s), 1 left on base; Kansas State 3 - North Carolina State 6
BOTTOM OF THE 6TH
North Carolina State Wolfpack batting - Pitching for Kansas State Wildcats : LHP José Rivera
Batting: RHB Dennis Mays 0-0: Ball
1-0: Foul Ball, location: 2F
1-1: Ground out 4-3 (Groundball, 4M)
Batting: RHB David Vélez 0-0: Ball
1-0: Ball
2-0: Called Strike
2-1: Foul Ball, location: 2F
2-2: Strikes out swinging
Batting: RHB Scott Lee 0-0: Ball
1-0: Ball
2-0: SOLO HOME RUN (Flyball, 78XD), Distance : 378 ft
Batting: RHB Rafael Rosário 0-0: Ground out 6-3 (Groundball, 6)
Bottom of the 6th over - 1 run(s), 1 hit(s), 0 error(s), 0 left on base; Kansas State 3 - North Carolina State 7
TOP OF THE 7TH
Kansas State Wildcats batting - Pitching for North Carolina State Wolfpack : RHP Jack Ellison
Batting: LHB Kyle Harrison 0-0: Ball
1-0: Called Strike
1-1: Called Strike
1-2: Fly out, F9 (Line Drive, 89S)
Batting: RHB David Hernández 0-0: Ball
1-0: Ball
2-0: Called Strike
2-1: Ball
3-1: Ground out 4-3 (Groundball, 4)
Batting: LHB José Rodríguez 0-0: SINGLE (Groundball, 3L)
Batting: RHB Joe Saunders 0-0: Ball
1-0: Called Strike
1-1: Foul Ball, location: 2F
1-2: Ball
2-2: Strikes out swinging
Top of the 7th over - 0 run(s), 1 hit(s), 0 error(s), 1 left on base; Kansas State 3 - North Carolina State 7
BOTTOM OF THE 7TH
North Carolina State Wolfpack batting - Pitching for Kansas State Wildcats : LHP José Rivera
Pitching: RHP Beau May
Batting: RHB Richard Heath 0-0: Swinging Strike
0-1: Ball
1-1: Foul Ball, location: 2F
1-2: Ball
2-2: Strikes out swinging
Batting: RHB Javier Morales 0-0: Called Strike
0-1: Called Strike
0-2: Strikes out looking
Batting: LHB Danny Bane 0-0: Called Strike
0-1: Ball
1-1: Called Strike
1-2: Ball
2-2: SOLO HOME RUN (Flyball, 9D), Distance : 342 ft
Batting: RHB Donald Hoover 0-0: Called Strike
0-1: Foul Ball, location: 2F
0-2: Strikes out swinging
Bottom of the 7th over - 1 run(s), 1 hit(s), 0 error(s), 0 left on base; Kansas State 3 - North Carolina State 8
TOP OF THE 8TH
Kansas State Wildcats batting - Pitching for North Carolina State Wolfpack : RHP Jack Ellison
Now at 3B: Bryan Lambert
Batting: RHB John Wilson 0-0: Called Strike
0-1: Swinging Strike
0-2: Ground out 6-3 (Groundball, 6)
Batting: RHB Steve Ashe 0-0: Swinging Strike
0-1: Ball
1-1: Called Strike
1-2: Ball
2-2: Strikes out swinging
Batting: RHB Bill Jordan 0-0: Called Strike
0-1: Swinging Strike
0-2: Ball
1-2: Strikes out looking
Top of the 8th over - 0 run(s), 0 hit(s), 0 error(s), 0 left on base; Kansas State 3 - North Carolina State 8
BOTTOM OF THE 8TH
North Carolina State Wolfpack batting - Pitching for Kansas State Wildcats : RHP Beau May
Batting: LHB Frank Jackson 0-0: Fly out, F7 (Flyball, 7LM)
Batting: RHB Dennis Mays 0-0: Ball
1-0: Ball
2-0: Fly out, F7 (Flyball, 78M)
Batting: RHB David Vélez 0-0: Swinging Strike
0-1: Ball
1-1: Ball
2-1: Fly out, F3 (Popup, 3F)
Bottom of the 8th over - 0 run(s), 0 hit(s), 0 error(s), 0 left on base; Kansas State 3 - North Carolina State 8
TOP OF THE 9TH
Kansas State Wildcats batting - Pitching for North Carolina State Wolfpack : RHP Jack Ellison
Now in RF: Dawson Fowler
Batting: LHB Juan Cuervo 0-0: Ball
1-0: Called Strike
1-1: Called Strike
1-2: Strikes out swinging
Batting: LHB Tony Smith 0-0: Foul Ball, location: 2F
0-1: Called Strike
0-2: Foul Ball, location: 2F
0-2: Strikes out swinging
Pitching: RHP Brit Torres
Batting: LHB Kyle Harrison 0-0: Ball
1-0: Ball
2-0: Ball
3-0: Called Strike
3-1: Base on Balls
Batting: RHB David Hernández 0-0: Called Strike
0-1: Called Strike
0-2: Ball
1-2: Ground out 5-3 (Groundball, 5S)
Top of the 9th over - 0 run(s), 0 hit(s), 0 error(s), 1 left on base; Kansas State 3 - North Carolina State 8
This league is powered by Out of the Park Baseball, the baseball management simulation game for PC, Mac and Linux
Saturday, April 9th, 2016 - OOTP Baseball 16.8 Build 38